[Event "Early-Titled-Tuesday-Blitz-April-02-2024"]
[Site "Chess.com"]
[Date "2024.04.02"]
[Round "1"]
[White "PavelChernomordik"]
[Black "GodzillaChessYoutube"]
[Result "0-1"]
[WhiteElo "2393"]
[BlackElo "2687"]
[TimeControl "180+1"]
[EndTime "8:06:59 PDT"]
[Termination "GodzillaChessYoutube won by resignation"]

1. e4 e5 2. Nf3 Nc6 3. Bb5 a6 4. Ba4 d6 5. d3 Bd7 6. O-O Nge7 7. c4 h6 8. Nc3 Ng6 9. Be3 Be7 10. d4 Bg5 11. Qd2 Bxe3 12. fxe3 O-O 13. Nd5 Nxd4 14. Bxd7 Nxf3+ 15. Rxf3 Qxd7 16. Raf1 Rae8 17. Qf2 c6 18.
Nc3 Qe6 19. b3 b5 20. h4 bxc4 21. h5 Nh8 22. Qg3 Kh7 23. Ne2 cxb3 24. axb3 Qxb3 25. Qh4 f5 26. exf5 Rf6 27. e4 Qb6+ 28. Kh1 Nf7 29. Rg3 Ng5 30. Ng1 d5 31. exd5 cxd5 32. Nf3 Ne4 33.
Rg6 Qb5 34. Re1 Rxf5 35. Qg4 Nf2+ 0-1

[Event "Early-Titled-Tuesday-Blitz-April-02-2024"]
[Site "Chess.com"]
[Date "2024.04.02"]
[Round "1"]
[White "Shahdad2007"]
[Black "Karina_Ivanova"]
[Result "1-0"]
[WhiteElo "2614"]
[BlackElo "2282"]
[TimeControl "180+1"]
[EndTime "8:06:59 PDT"]
[Termination "Shahdad2007 won by resignation"]

1. Nf3 Nf6 2. c4 c5 3. Nc3 e6 4.
g3 b6 5. Bg2 Bb7 6. O-O Be7 7. b3 O-O 8. Bb2 d5 9. cxd5 Nxd5 10.
Nxd5 Qxd5 11. Rc1 Nc6 12. Ne5 Qd6 13. Nxc6 Bxc6 14. Bxc6 Qxc6 15. d4 Qe4 16. dxc5 Bxc5 17. Rc4 Qf5 18. e4 Qg6 19. Kg2 Rfd8 20. Qe2 Bf8 21.
h4 Rac8 22. Rfc1 Rxc4 23. Rxc4 h5 24. Rc7 a5 25. Rc6 Bc5 26. Bc3 Qg4 27. f3 Qg6 28.
Bxa5 Qh6 29. Be1 Qc1 30. b4 Rd1 31. Kf1 Bxb4 32. Rxc1 Rxc1 33. Kg2 Rxe1 34. Qb5 Bc5 35. Qe8+ Kh7 36. Qxf7 1-0

[Event "Early-Titled-Tuesday-Blitz-April-02-2024"]
[Site "Chess.com"]
[Date "2024.04.02"]
[Round "1"]
[White "Kazmin_Semyon"]
[Black "BestestBP"]
[Result "1-0"]
[WhiteElo "2597"]
[BlackElo "2214"]
[TimeControl "180+1"]
[EndTime "8:06:59 PDT"]
[Termination "Kazmin_Semyon won by checkmate"]

1. e4 e5 2. Nf3 Nc6 3. Bb5 a6 4. Ba4 Nf6 5. O-O Be7 6. Re1 b5 7. Bb3 d6 8. c3 Na5 9. Bc2 c5 10. d4 exd4 11. cxd4 Bg4 12. h3 Bxf3 13. Qxf3 cxd4 14.
b3 O-O 15. Bb2 Nc6 16. Nd2 Ne5 17. Qg3 Nh5 18. Qh2 d3 19. Bd1 Nf6 20. f4 Qb6+ 21.
Kf1 Ng6 22. Qg3 Nh5 23. Bxh5 Bh4 24. Qe3 Qa5 25. g3 Bxg3 26. Qxg3 Qxd2 27. Qf2 Qxf2+ 28.
Kxf2 Nxf4 29. Bf3 Nxh3+ 30. Ke3 Ng5 31. Rg1 h6 32. Bh1 f5 33. exf5 Rae8+ 34. Kxd3 Rxf5 35.
Rae1 Rxe1 36. Rxe1 Rf2 37. Bd4 Rxa2 38. Re7 Kf8 39. Ra7 a5 40. Bxg7+ Ke8 41. Bc6+ Kd8 42. Bd4 a4 43. Bb6+ Kc8 44. Ra8# 1-0

[Event "Early-Titled-Tuesday-Blitz-April-02-2024"]
[Site "Chess.com"]
[Date "2024.04.02"]
[Round "1"]
[White "chess123456s"]
[Black "mary-sanna"]
[Result "1-0"]
[WhiteElo "2596"]
[BlackElo "2206"]
[TimeControl "180+1"]
[EndTime "8:06:59 PDT"]
[Termination "chess123456s won on time"]

1. e4 c5 2. Nf3 Nc6 3. Nc3 g6 4. Bb5 Nd4 5. O-O Bg7 6. Re1 a6 7. Bf1 d6 8. d3 Bg4 9. Be2 Nxe2+ 10. Qxe2 Nf6 11. h3 Bxf3 12. Qxf3 O-O 13. Bg5 b5 14. Rad1 b4 15. Ne2 h6 16. Be3 Qc7 17.
Ng3 a5 18. c3 Nd7 19. d4 Rfb8 20. Qe2 a4 21. Qd2 Qa5 22. cxb4 Rxb4 23. dxc5 Nxc5 24.
Bxh6 Rxb2 25. Qg5 Bf6 26. Qg4 Rxa2 27. Nh5 Bh8 28. Nf4 Bg7 29. Bg5 Qa7 30. Nd5 Nb3 31.
Nxe7+ Kf8 32. Qf3 Nc5 33. Nxg6+ Kg8 34. Ne7+ Kf8 35. Rxd6 Ne6 36. Rxe6 1-0

[Event "Early-Titled-Tuesday-Blitz-April-02-2024"]
[Site "Chess.com"]
[Date "2024.04.02"]
[Round "1"]
[White "Shield12"]
[Black "noblerone"]
[Result "1-0"]
[WhiteElo "3032"]
[BlackElo "2543"]
[TimeControl "180+1"]
[EndTime "8:07:00 PDT"]
[Termination "Shield12 won by resignation"]

1. b3 Nf6 2. Bb2 d5 3. Nf3 Bf5 4. d3 Nbd7 5. Nbd2 e6 6. Nh4 Bg6 7. Nxg6 hxg6 8. e4 c6 9. Qe2 Bb4 10. a3 Be7 11. g3 a5 12. Bg2 Qb6 13. exd5 cxd5 14. O-O O-O 15. Rfe1 Bc5 16. Nf3 Ng4 17. d4 Bd6 18. Rab1 Rac8 19. c4 Qa6 20. Ne5 Ngf6 21. Nxd7 Nxd7 22. cxd5 Qxe2 23. Rxe2 exd5 24. Bxd5 b5 25.
Be4 Nf6 26. Bd3 b4 27. axb4 axb4 28. Bc4 Rfd8 29. Ra1 Rc7 30. Ra6 Kf8 31. Bc1 Re7 32.
Kf1 Rxe2 33. Kxe2 Be7 34. Be3 Ne4 35. Ra7 Nc3+ 36. Kd3 Nd5 37. Bxd5 Rxd5 38. Ra8+ Bd8 39. Kc4 Rd7 40. d5 Ke7 41. Bc5+ Kf6 42. Bxb4 Ke5 43.
Bc3+ Ke4 44. Bd4 Rc7+ 45. Bc5 Be7 46. b4 Kf3 47. Ra7 Rxa7 48. Bxa7 Kg2 49. b5 Bd8 50. d6 1-0

[Event "Early-Titled-Tuesday-Blitz-April-02-2024"]
[Site "Chess.com"]
[Date "2024.04.02"]
[Round "1"]
[White "Schack-Hugo"]
[Black "bascheyaro"]
[Result "0-1"]
[WhiteElo "2463"]
[BlackElo "2786"]
[TimeControl "180+1"]
[EndTime "8:07:00 PDT"]
[Termination "bascheyaro won on time"]

1. e4 e6 2. d4 d5 3. e5 c5 4. c3 Qb6 5. Nf3 Bd7 6. Bd3 Bb5 7.
O-O Bxd3 8. Qxd3 Nc6 9. a3 Rc8 10. b4 cxd4 11. cxd4 Nge7 12. Nc3 a6 13. Be3 h5 14. Rfb1 Qa7 15. b5 Na5 16. bxa6 bxa6 17. Na4 Nc4 18. Nd2 g6 19. Nc5 Nf5 20. Nxc4 dxc4 21. Qxc4 Bxc5 22. dxc5 Nxe3 23. Qa4+ Kf8 24. fxe3 Qxc5 25. Qf4 Kg7 26. Qf6+ Kg8 27. Rf1 Qxe3+ 28. Kh1 Rh7 29. Rad1 Qxa3 30. Rd7 Rf8 31. h4 a5 32. Rf3 Qb4 33. Rg3 Rg7 34. Rf3 a4 35.
Ra7 Rh7 36. Kh2 Rg7 37. Rf4 Qc5 38. Rfxa4 Qe3 39. Re7 g5 40. hxg5 Qxg5 41. Qxg5 Rxg5 42. Re4 Rf5 43. g4 hxg4 44. Rxg4+ Kh7 45. Re4 Kh6 46.
Rd7 Rg8 47. Rd3 Rh5+ 48. Rh3 Rg5 49. Rf4 Kg6 0-1

[Event "Early-Titled-Tuesday-Blitz-April-02-2024"]
[Site "Chess.com"]
[Date "2024.04.02"]
[Round "1"]
[White "Oleksandr_Bortnyk"]
[Black "Macron20hTF1"]
[Result "0-1"]
[WhiteElo "3039"]
[BlackElo "2562"]
[TimeControl "180+1"]
[EndTime "8:07:02 PDT"]
[Termination "Macron20hTF1 won by resignation"]

1. e4 e6 2. d4 d5 3. Nc3 Nf6 4. Bg5 h6 5. Bxf6 Qxf6 6. exd5 Bb4 7. Bb5+ Bd7 8. Bxd7+ Nxd7 9. dxe6 Qxe6+ 10. Ne2 Bxc3+ 11. bxc3 O-O-O 12. O-O Rhe8 13. Nf4 Qf5 14. Nd3 Re6 15. Rb1 Rde8 16. a4 Rg6 17. Rb5 Qe4 18. g3 Qc6 19.
Qd2 a6 20. Rb4 Rge6 21. Nf4 Re4 22. d5 Qd6 23. Rxe4 Rxe4 24. Re1 Ne5 25. Kg2 Rxe1 26. Qxe1 g5 27. Nh3 Qxd5+ 28. Kf1 Qh1+ 29. Ng1 Qxg1+ 30. Kxg1 Nf3+ 31. Kf1 Nxe1 32. Kxe1 Kd7 33. Ke2 Kc6 34. Kf3 Kd5 35. Kg4 b5 36. a5 Kc4 37. Kh5 Kxc3 38. Kxh6 g4 39. Kg5 Kxc2 40. Kxg4 b4 41. h4 b3 42. h5 b2 43. h6 b1=Q 44. h7 Qh1 0-1

[Event "Early-Titled-Tuesday-Blitz-April-02-2024"]
[Site "Chess.com"]
[Date "2024.04.02"]
[Round "1"]
[White "stasOR4ik"]
[Black "Egor_Koshulyan"]
[Result "0-1"]
[WhiteElo "2436"]
[BlackElo "2746"]
[TimeControl "180+1"]
[EndTime "8:07:02 PDT"]
[Termination "Egor_Koshulyan won by checkmate"]

1. e4 c5 2. c3 Qa5 3. Nf3 Nc6 4.
Bc4 e6 5. O-O Nf6 6. Re1 d6 7.
d4 cxd4 8. cxd4 d5 9. exd5 Nxd5 10. Bd2 Bb4 11. Bxd5 Qxd5 12. Bxb4 Nxb4 13. Nc3 Qa5 14. Re5 Qa6 15. a3 Nc6 16. Rg5 g6 17. d5 Ne7 18.
Qd4 O-O 19. Ne4 Rd8 20. Nf6+ Kf8 21. Nxh7+ Kg8 22. Nf6+ Kf8 23. Nd7+ Bxd7 24. d6 Ng8 25. Ne5 Be8 26. Nxg6+ fxg6 27. Qf4+ Kg7 28. Rg3 Qxd6 29. Qh4 Qd1+ 30. Rxd1 Rxd1# 0-1

[Event "Early-Titled-Tuesday-Blitz-April-02-2024"]
[Site "Chess.com"]
[Date "2024.04.02"]
[Round "1"]
[White "gorgeous1083"]
[Black "YouJustFoundYourGodfather"]
[Result "0-1"]
[WhiteElo "2201"]
[BlackElo "2591"]
[TimeControl "180+1"]
[EndTime "8:07:02 PDT"]
[Termination "YouJustFoundYourGodfather won by checkmate"]

1. d4 g6 2. c4 Nf6 3. Nc3 d5 4. cxd5 Nxd5 5. e4 Nxc3 6. bxc3 Bg7 7. Nf3 c5 8. Be3 Nc6 9. Be2 cxd4 10. cxd4 Qa5+ 11. Bd2 Qa3 12. d5 Ne5 13. Rb1 Nxf3+ 14. Bxf3 O-O 15. O-O Qxa2 16. Bb4 Re8 17. Be2 Bd7 18.
Qb3 Qxe2 19. Rfe1 Qa6 20. e5 Bf5 21. Rbc1 Rac8 22. Rxc8 Rxc8 23. Bxe7 Bxe5 24. h3 Re8 25.
Bb4 Bd7 26. Qf3 Qc4 27. Bd2 Qd4 28. Bh6 Bh2+ 29. Kxh2 Rxe1 30. Qg3 Qe5 31. f4 Qe3 32.
Qg5 Qe7 33. Qg3 Re2 34. f5 Qe5 35. Bf4 Qxf5 36. d6 h5 37. Qf3 Rb2 38. Qe3 Bc6 39.
d7 Rxg2+ 40. Kh1 Rg3+ 41. Kh2 Qxh3# 0-1

[Event "Early-Titled-Tuesday-Blitz-April-02-2024"]
[Site "Chess.com"]
[Date "2024.04.02"]
[Round "1"]
[White "GoltsevDmitry2000"]
[Black "Licancabur"]
[Result "1-0"]
[WhiteElo "2811"]
[BlackElo "2484"]
[TimeControl "180+1"]
[EndTime "8:07:04 PDT"]
[Termination "GoltsevDmitry2000 won on time"]

1. e4 Nf6 2. e5 Nd5 3. Nc3 Nxc3 4. bxc3 d6 5. exd6 cxd6 6. d4 g6 7. Nf3 Bg7 8. Be2 O-O 9. O-O e5 10. Bg5 Qc7 11. Qd2 e4 12. Ne1 Nc6 13. Rb1 Re8 14. Bh6 Bh8 15. g3 Ne7 16. Ng2 Nf5 17. Bf4 Be6 18.
Ne3 Nxe3 19. fxe3 Bxa2 20. Rb5 Be6 21. h4 a6 22. Rb4 b5 23. h5 Rac8 24. c4 Bxc4 25.
Bxc4 bxc4 26. Qf2 Re7 27. c3 Qd7 28. Qe2 Qh3 29. Rxc4 Rxc4 30. Qxc4 Bg7 31. Bxd6 Ra7 32.
Qc5 Rb7 33. Qc6 Qd7 34. Qc5 gxh5 35. Bf4 Rb2 36. Qxh5 1-0

[Event "Early-Titled-Tuesday-Blitz-April-02-2024"]
[Site "Chess.com"]
[Date "2024.04.02"]
[Round "1"]
[White "Midgardsormur"]
[Black "djokovic74"]
[Result "0-1"]
[WhiteElo "2444"]
[BlackElo "2756"]
[TimeControl "180+1"]
[EndTime "8:07:05 PDT"]
[Termination "djokovic74 won by resignation"]

1. e4 e6 2. d4 d5 3. e5 c5 4. c3 Nc6 5. Nf3 Qb6 6. Bd3 cxd4 7. O-O Bd7 8. Re1 Nge7 9. h4 h6 10. Nbd2 dxc3 11. bxc3 Na5 12. Rb1 Qc7 13. Qc2 Nec6 14.
Nf1 O-O-O 15. Bf4 Be7 16. Bg3 g5 17. h5 g4 18. N3h2 Rhg8 19. Ne3 Rg5 20. Nxd5 exd5 21.
e6 Bd6 22. exd7+ Qxd7 23. Bxd6 Qxd6 24. Nxg4 Rdg8 25. f3 Kc7 26. Re2 Qc5+ 27. Rf2 Nc4 28. Bxc4 dxc4 29. Qd2 f5 30. Ne3 Rd8 31. Qe2 Rd3 32.
Rc1 Qxe3 0-1

[Event "Early-Titled-Tuesday-Blitz-April-02-2024"]
[Site "Chess.com"]
[Date "2024.04.02"]
[Round "1"]
[White "slidingknight2775"]
[Black "Chernov_Alexander_A"]
[Result "1-0"]
[WhiteElo "2597"]
[BlackElo "2208"]
[TimeControl "180+1"]
[EndTime "8:07:05 PDT"]
[Termination "slidingknight2775 won by resignation"]

1. e4 d6 2. d4 Nf6 3. Bd3 e5 4. c3 Nc6 5. Ne2 d5 6. exd5 Nxd5 7. dxe5 Nxe5 8. Be4 Be6 9. O-O c6 10. Nd4 Nf6 11.
Nxe6 Qxd1 12. Rxd1 fxe6 13. Bc2 Bc5 14. h3 O-O 15. Nd2 Rad8 16. Nf1 Rxd1 17. Bxd1 Nd3 18. Be3 Bxe3 19. Nxe3 Nxf2 20. Kxf2 Ne4+ 21. Ke1 Ng3 22. Bf3 g6 23. Rd1 Rf7 24. Ng4 Kg7 25. Ne5 Re7 26.
Rd7 Kf6 27. Ng4+ Kf7 28. Ne5+ Kf6 29. Rxe7 Kxe7 30. Nc4 Kd7 31. Ne3 h5 32. h4 Kd6 33.
Kf2 Nh1+ 34. Kg1 Ng3 35. Kh2 Nf5 36. Nxf5+ exf5 37. Kg3 Ke5 38. Kf2 f4 39. Bd1 g5 40.
hxg5 Kf5 41. Bxh5 Kxg5 42. Kf3 Kf5 43. Be8 Ke5 44. Bg6 c5 45. Bh7 b5 46. a3 a5 47.
Bc2 b4 48. axb4 axb4 49. cxb4 cxb4 50. Bh7 1-0

[Event "Early-Titled-Tuesday-Blitz-April-02-2024"]
[Site "Chess.com"]
[Date "2024.04.02"]
[Round "1"]
[White "sergoy"]
[Black "krucki03"]
[Result "1/2-1/2"]
[WhiteElo "2897"]
[BlackElo "2522"]
[TimeControl "180+1"]
[EndTime "8:07:06 PDT"]
[Termination "Game drawn by repetition"]

1. d4 Nf6 2. c4 c5 3. d5 b5 4.
cxb5 a6 5. bxa6 g6 6. Nc3 Bg7 7. e4 O-O 8. Nf3 Qa5 9. Bd2 Bxa6 10. Be2 Qb4 11. a3 Qxb2 12. Bxa6 Nxa6 13. O-O d6 14. e5 dxe5 15. Nxe5 Nxd5 16. Nxd5 Qxe5 17. Bc3 Qd6 18. Nf6+ Bxf6 19. Qxd6 exd6 20. Bxf6 Rfe8 21. Rfd1 Re6 22.
Bc3 Nc7 23. a4 d5 24. a5 d4 25. Be1 Na6 26. Kf1 f5 27. Rab1 Kf7 28. Rb7+ Re7 29. Rb6 Re6 30. Rb7+ Re7 31. Rb6 Re6 32. Rb5 Rd6 33.
Rb7+ Kf6 34. f3 c4 35. Bg3 Rd5 36. Rb6+ Kf7 37. Rb7+ Kf6 38. Rb6+ Kf7 39. Rb7+ Kf6 1/2-1/2

[Event "Early-Titled-Tuesday-Blitz-April-02-2024"]
[Site "Chess.com"]
[Date "2024.04.02"]
[Round "1"]
[White "andrzej"]
[Black "AlexeiShirov"]
[Result "0-1"]
[WhiteElo "2481"]
[BlackElo "2808"]
[TimeControl "180+1"]
[EndTime "8:07:06 PDT"]
[Termination "AlexeiShirov won on time"]

1. e4 e5 2. Nf3 Nc6 3. Bb5 a6 4. Ba4 Nf6 5. O-O b5 6. Bb3 Bc5 7. c3 d6 8. d4 Bb6 9. a4 Rb8 10. a5 Ba7 11. h3 Bb7 12. Re1 O-O 13. Be3 exd4 14. cxd4 Nb4 15. d5 Bxe3 16. Rxe3 c5 17. dxc6 Nxc6 18. Nc3 Nxa5 19. Nd4 Re8 20. Bc2 Nc4 21.
Rg3 g6 22. b3 Ne5 23. Qd2 Rc8 24. Qh6 Kh8 25. Rd1 b4 26. Nce2 Bxe4 27. Bxe4 Nxe4 28. Re3 Nc3 29. Re1 Qf6 30. f4 Nd7 31. Nxc3 Rxe3 32.
Rxe3 Qxd4 33. Kh2 Qxe3 34. Nd5 Qd4 0-1

[Event "Early-Titled-Tuesday-Blitz-April-02-2024"]
[Site "Chess.com"]
[Date "2024.04.02"]
[Round "1"]
[White "Makswolf200817"]
[Black "NastyaHn"]
[Result "1-0"]
[WhiteElo "2746"]
[BlackElo "2435"]
[TimeControl "180+1"]
[EndTime "8:07:07 PDT"]
[Termination "Makswolf200817 won by resignation"]

1. e4 e6 2. d4 d5 3. Nc3 Bb4 4.
e5 c5 5. Bd2 a6 6. a3 Bxc3 7. Bxc3 cxd4 8. Qxd4 Ne7 9. Nf3 Nbc6 10. Qg4 Nf5 11. Bd3 Nce7 12. Bb4 g6 13. h4 h5 14. Qg5 Nc6 15. Bd2 Qxg5 16. Bxg5 Bd7 17.
Bf6 O-O 18. Ng5 Rfc8 19. g4 Nh6 20. gxh5 Nd4 21. O-O-O Ba4 22. hxg6 Nxc2 23. gxf7+ Nxf7 24. Bh7+ Kf8 25. Nxe6+ Ke8 26. Kb1 Nxa3+ 27. bxa3 Bxd1 28. Rxd1 Rc6 29. Nd4 Rc3 30. e6 Nd6 31. Bg6+ Kf8 32. e7+ Kg8 33. Nf5 Nxf5 34. Bxc3 Nxe7 35. Bc2 Rc8 36.
Bf6 Kf7 37. Bxe7 Kxe7 38. Rxd5 1-0

[Event "Early-Titled-Tuesday-Blitz-April-02-2024"]
[Site "Chess.com"]
[Date "2024.04.02"]
[Round "1"]
[White "SteinerPro12"]
[Black "OriTaichman"]
[Result "0-1"]
[WhiteElo "1943"]
[BlackElo "2559"]
[TimeControl "180+1"]
[EndTime "8:07:07 PDT"]
[Termination "OriTaichman won on time"]

1. e4 c5 2. a3 d5 3. exd5 Qxd5 4.
Nc3 Qd6 5. Nf3 Nc6 6. Bc4 Nf6 7.
h3 a6 8. d3 b5 9. Ba2 e6 10. O-O Bb7 11. Re1 Be7 12. Bg5 h6 13. Bh4 Nd4 14. Nxd4 cxd4 15. Bg3 Qc6 16. Ne4 Nxe4 17.
dxe4 Rd8 18. Rc1 h5 19. h4 g5 20. Qf3 gxh4 21. Be5 Rg8 22. Kh1 Qc5 23. Bf6 Bxf6 24. Qxf6 Qg5 25. Qxg5 Rxg5 26. Rcd1 Ke7 27. Rd3 Rdg8 28. c3 Rxg2 29. cxd4 Rxf2 30. d5 Rxb2 31. Bb3 Rgg2 32. Bd1 exd5 33. exd5+ Kd6 34. Bf3 Rh2+ 35. Kg1 h3 0-1

[Event "Early-Titled-Tuesday-Blitz-April-02-2024"]
[Site "Chess.com"]
[Date "2024.04.02"]
[Round "1"]
[White "vovachesss"]
[Black "dosto07"]
[Result "1-0"]
[WhiteElo "2808"]
[BlackElo "2479"]
[TimeControl "180+1"]
[EndTime "8:07:08 PDT"]
[Termination "vovachesss won by checkmate"]

1. e4 e5 2. f4 d5 3. exd5 exf4 4. Nf3 Nf6 5. Bb5+ c6 6. Ba4 Nxd5 7. O-O Bd6 8. d4 O-O 9. c3 Bg4 10. Bc2 Nd7 11.
Qd3 N7f6 12. Ne5 Be6 13. Bxf4 Nxf4 14. Rxf4 Bxe5 15. Rxf6 Bxd4+ 16. cxd4 g6 17. Rf2 Bf5 18. Rxf5 gxf5 19. Qxf5 Qxd4+ 20. Kh1 Qg7 21. Nc3 Rad8 22.
Ne4 Kh8 23. Rf1 Rd5 24. Qf4 f5 25. Ng3 Qxb2 26. Bb3 Rdd8 27. Nxf5 Rg8 28. Bxg8 Rxg8 29. g4 Rd8 30. Re1 Qf6 31. g5 Qc3 32. Qe5+ Qxe5 33.
Rxe5 Kg8 34. Re7 Rd1+ 35. Kg2 Rd2+ 36. Kg3 Rxa2 37. Nh6+ Kf8 38. Rf7+ Ke8 39. Rxh7 b5 40. g6 Ra1 41. Kf4 Rg1 42. Ng4 Rf1+ 43. Kg5 Kf8 44. Nf6 Rg1+ 45. Kh6 Rxg6+ 46. Kxg6 b4 47. Rf7# 1-0

[Event "Early-Titled-Tuesday-Blitz-April-02-2024"]
[Site "Chess.com"]
[Date "2024.04.02"]
[Round "1"]
[White "Casablanca"]
[Black "MarijaKuznecova"]
[Result "1-0"]
[WhiteElo "2715"]
[BlackElo "2408"]
[TimeControl "180+1"]
[EndTime "8:07:08 PDT"]
[Termination "Casablanca won by resignation"]

1. Nf3 c5 2. e4 d6 3. Nc3 Nf6 4. g3 Nc6 5. Bg2 g6 6. d4 cxd4 7. Nxd4 Bg7 8. Nde2 O-O 9. O-O Bd7 10. Re1 Rc8 11.
h3 a6 12. a4 Nb4 13. Nd4 Qc7 14. Nb3 Ne8 15. Bd2 Be6 16. Bf1 Qb6 17. a5 Qc6 18. Nc1 Nc7 19. Kh2 Rfd8 20. Nd3 Nxd3 21. Bxd3 d5 22.
exd5 Nxd5 23. Nxd5 Qxd5 24. Rb1 Bd4 25. Be3 Bxe3 26.
Rxe3 Qxa5 27. Qf3 Qc7 28. Rbe1 Rf8 29. h4 h5 30. Kg1 b5 31. b3 Qc6 32. Qf4 a5 33.
Qh6 Bf5 34. Bxf5 gxf5 35. Qxh5 Qg6 36. Qe2 e6 37. Re5 f4 38. Rg5 1-0

[Event "Early-Titled-Tuesday-Blitz-April-02-2024"]
[Site "Chess.com"]
[Date "2024.04.02"]
[Round "1"]
[White "ChempionBg"]
[Black "albi1999"]
[Result "0-1"]
[WhiteElo "2292"]
[BlackElo "2619"]
[TimeControl "180+1"]
[EndTime "8:07:08 PDT"]
[Termination "albi1999 won on time"]

1. d4 Nf6 2. c4 e6 3. Nf3 c5 4.
d5 b5 5. dxe6 fxe6 6. cxb5 d5 7.
g3 Bd6 8. Bg2 O-O 9. O-O a6 10.
b6 Qxb6 11. a4 Bb7 12. Nc3 Nc6 13. Bg5 Rad8 14. Qc1 h6 15. Bxf6 Rxf6 16. e4 Ne5 17. Nxe5 Bxe5 18. exd5 exd5 19. a5 Qc7 20. Rd1 Qf7 21. f4 Bd4+ 22. Kh1 Re6 23. Re1 Rde8 24. Qd2 Be3 25. Qc2 d4 26. Na4 Bxg2+ 27. Qxg2 c4 28. Qd5 Bxf4 29. Rxe6 Rxe6 30. Qa8+ Re8 31. Qf3 Be5 32.
Qxf7+ Kxf7 33. Nc5 d3 34. Nxa6 d2 35. Rd1 Bf4 0-1

[Event "Early-Titled-Tuesday-Blitz-April-02-2024"]
[Site "Chess.com"]
[Date "2024.04.02"]
[Round "1"]
[White "GP9isback23"]
[Black "GoValya"]
[Result "1-0"]
[WhiteElo "2604"]
[BlackElo "2240"]
[TimeControl "180+1"]
[EndTime "8:07:08 PDT"]
[Termination "GP9isback23 won by resignation"]

1. d4 Nf6 2. Nf3 g6 3. e3 d5 4. Be2 Bg7 5. O-O O-O 6. b3 c5 7. Bb2 b6 8. Nbd2 Ba6 9. c4 dxc4 10. Nxc4 Bb7 11. Rc1 Nc6 12. dxc5 bxc5 13. Qxd8 Rfxd8 14. Nce5 Nb4 15. a3 Na6 16. Bc4 e6 17. Ng5 Rf8 18. Nexf7 Rxf7 19. Bxe6 Bd5 20. Bxf6 Bxe6 21. Bxg7 Bxb3 22.
Nxf7 Kxf7 23. Bc3 c4 24. Bd4 Nc7 25. a4 Nd5 26. f4 a6 27. f5 Re8 28. fxg6+ Kxg6 29. Rf3 Nb4 30. Rf6+ Kg5 31. Rb6 Nd3 32. Rc3 Bxa4 33. Rxc4 Bb5 34. Rc3 Ne5 35. Rc5 Rf8 36. Rxe5+ Kg4 37. h3+ Kg3 38. Rg5+ Kh4 39. Rg4+ Kh5 40.
Bg7 Rf1+ 41. Kh2 1-0

[Event "Early-Titled-Tuesday-Blitz-April-02-2024"]
[Site "Chess.com"]
[Date "2024.04.02"]
[Round "1"]
[White "valik3504"]
[Black "maurovargas01"]
[Result "1-0"]
[WhiteElo "2553"]
[BlackElo "1862"]
[TimeControl "180+1"]
[EndTime "8:07:08 PDT"]
[Termination "valik3504 won on time"]

1. d4 d5 2. Nf3 Bg4 3. Ne5 Bh5 4. c4 f6 5. Qa4+ c6 6. Nd3 e6 7. Nc3 Bd6 8. c5 Bc7 9. e4 dxe4 10. Nxe4 Bg6 11. f3 Ne7 12. Bf4 O-O 13. Bd6 Re8 14. Qb3 Nd5 15. Qxb7 Ba5+ 16. b4 Nd7 17. a3 Bc7 18. Qxc6 a5 19. b5 e5 20. Qxd5+ Bf7 21.
Bxc7 Qxc7 22. Qc6 exd4 23. Qxc7 Ne5 24. Nxe5 Rxe5 25. b6 f5 26. Qxe5 fxe4 27. fxe4 Re8 28. Qxe8+ Bxe8 29. Bc4+ Kh8 30. O-O 1-0

[Event "Early-Titled-Tuesday-Blitz-April-02-2024"]
[Site "Chess.com"]
[Date "2024.04.02"]
[Round "1"]
[White "Rud_Makarian"]
[Black "TrompeterImEther"]
[Result "1-0"]
[WhiteElo "3017"]
[BlackElo "2539"]
[TimeControl "180+1"]
[EndTime "8:07:10 PDT"]
[Termination "Rud_Makarian won by resignation"]

1. d4 Nf6 2. c4 g6 3. Nc3 d5 4.
Bf4 Bg7 5. e3 c6 6. Rc1 O-O 7. h3 dxc4 8. Bxc4 b5 9. Be2 Qb6 10.
Nf3 Be6 11. O-O h6 12. Ne5 Nbd7 13. a4 a6 14. a5 Qb7 15. b4 Nxe5 16. Bxe5 Rfd8 17.
Bxf6 exf6 18. Ne4 Bd5 19. Bf3 f5 20. Nc5 Qe7 21. Bxd5 Rxd5 22. Nd3 Rd6 23. Rc5 Rad8 24. Qc2 Rc8 25. Rc1 Qe4 26. g3 Bf8 27. Ne5 Qxc2 28. R5xc2 Rc7 29. Kg2 Kg7 30. Kf3 f6 31. Nd3 Kf7 32.
g4 fxg4+ 33. hxg4 Be7 34. Nc5 Ra7 35. Ne4 Re6 36. Rxc6 f5 37. Rxe6 Kxe6 38. Nc5+ Kd5 39. gxf5 gxf5 40. Nd3 Bd6 41. Nf4+ Bxf4 42. Kxf4 Rg7 43.
Rc5+ Kd6 44. Rxf5 1-0

[Event "Early-Titled-Tuesday-Blitz-April-02-2024"]
[Site "Chess.com"]
[Date "2024.04.02"]
[Round "1"]
[White "madmax011"]
[Black "Bykov_Egor"]
[Result "0-1"]
[WhiteElo "2356"]
[BlackElo "2659"]
[TimeControl "180+1"]
[EndTime "8:07:10 PDT"]
[Termination "Bykov_Egor won by resignation"]

1. d4 Nf6 2. c4 g6 3. Nc3 Bg7 4. e4 d6 5. Nf3 O-O 6. Bd3 Bg4 7. h3 Bxf3 8. Qxf3 Nc6 9. Be3 Nd7 10.
Ne2 e5 11. d5 Nd4 12. Bxd4 exd4 13. O-O Qe7 14. Qg3 Nc5 15. Rfe1 Rae8 16. Nf4 Be5 17. Bc2 g5 18. b4 Bxf4 19. Qg4 Nd7 20. g3 Bd2 21.
Re2 Ne5 22. Qh5 Qf6 23. Rf1 Qg6 24. Qxg6+ fxg6 25. Kg2 Bxb4 26. Rd1 Bc5 27. Bd3 Rf3 28. Bb1 d3 29. Red2 Ref8 30. Rf1 Nxc4 31. Rxd3 Rxf2+ 32. Rxf2 Rxf2+ 33. Kh1 Ne5 34. Rd1 Nf3 0-1

[Event "Early-Titled-Tuesday-Blitz-April-02-2024"]
[Site "Chess.com"]
[Date "2024.04.02"]
[Round "1"]
[White "AlexanderKing"]
[Black "DefenceWinsChampionships"]
[Result "1-0"]
[WhiteElo "2639"]
[BlackElo "2324"]
[TimeControl "180+1"]
[EndTime "8:07:11 PDT"]
[Termination "AlexanderKing won on time"]

1. c4 e5 2. g3 d6 3. Bg2 c6 4. Nc3 Be6 5. b3 g6 6. d4 Bg7 7. dxe5 dxe5 8. Qxd8+ Kxd8 9. Ne4 Kc7 10. Ng5 Na6 11. Nxe6+ fxe6 12. Bb2 Nb4 13. Be4 Nh6 14. Nf3 Nf7 15. a3 Na6 16. b4 Rad8 17.
e3 Nd6 18. Nd2 Rd7 19. Ke2 Rhd8 20. Rhd1 b6 21. h4 Nxe4 22. Nxe4 h6 23. Rxd7+ Rxd7 24. h5 g5 25. f3 Nb8 26. Nf2 Rd8 27. Ng4 Nd7 28.
Rd1 Re8 29. Ba1 a6 30. Kd3 b5 31. c5 a5 32. Ke4 axb4 33. axb4 Ra8 34. Bc3 Ra4 35.
Kd3 1-0

[Event "Early-Titled-Tuesday-Blitz-April-02-2024"]
[Site "Chess.com"]
[Date "2024.04.02"]
[Round "1"]
[White "tactic"]
[Black "AlainBruxelles"]
[Result "1-0"]
[WhiteElo "2617"]
[BlackElo "2289"]
[TimeControl "180+1"]
[EndTime "8:07:11 PDT"]
[Termination "tactic won by checkmate"]

1. e4 c6 2. d4 d5 3. e5 c5 4.
Nf3 e6 5. c3 Nc6 6. Bd3 f6 7.
Bf4 fxe5 8. Nxe5 Nf6 9. O-O Bd6 10. Bg3 O-O 11. Bc2 cxd4 12. cxd4 Qb6 13. Nc3 Qxd4 14.
Nxc6 Qxd1 15. Raxd1 Bxg3 16. Ne7+ Kf7 17. Nxc8 Bc7 18.
Nxa7 Rxa7 19. Nb5 Rxa2 20. Nxc7 Rc8 21. Bb1 Rxb2 22. Rc1 Ne4 23. Bxe4 dxe4 24. Rfd1 Rb6 25. h4 Rc6 26. Rxc6 bxc6 27. Na6 c5 28. Kf1 Rc6 29. Nb8 Rc8 30. Nd7 c4 31. Ne5+ Kf6 32. Ng4+ Kg6 33. Ne3 c3 34. Rc1 Kh5 35. g3 g5 36.
hxg5 Kxg5 37. Ke2 h5 38. Nd1 c2 39. Ne3 h4 40. gxh4+ Kxh4 41. Rxc2 Ra8 42. Nc4 Kg4 43. Ke3 Kf5 44. Nd6+ Ke5 45. Nxe4 Ra3+ 46. Rc3 Ra1 47. Rc5# 1-0